 Dungeon Sprint DCSS version 0.25.1-2-g60ff931df9 (webtiles) character file.

Game seed: 13368267556600209018

884 MordorOrchid the Fighter (level 8, -5/71 HPs)
             Began as a Gnoll Wanderer on Oct 25, 2020.
             Was a Priest of Sif Muna.
             Slain by a fire crab (shapeshifter) (13 damage)
             ... in the Dungeon (Sprint IX: "|||||||||||||||||||||||||||||").
             The game lasted 00:03:17 (596 turns).

MordorOrchid the Fighter (Gnoll Wanderer)            Turns: 596, Time: 00:03:17

Health: -5/71      AC: 21    Str: 14    XL:     8   Next: 5%
Magic:  12/17      EV:  7    Int: 21    God:    Sif Muna [***...]
Gold:   0          SH: 10    Dex: 14    Spells: 19/19 levels left

rFire    . . .     SeeInvis .   a - +2 morningstar (protect)
rCold    . . .     Gourm    .   b - +0 kite shield
rNeg     . . .     Faith    .   t - +1 chain mail
rPois    .         Spirit   .   (no helmet)
rElec    .         Reflect  .   r - +0 cloak
rCorr    .         Harm     .   (no gloves)
MR       .....     NoTele   +   (no boots)
Stlth    ..........             (no amulet)
HPRegen  0.21/turn              u - +2 ring of protection
MPRegen  0.15/turn              v - +3 ring of intelligence

@: protection aura
A: distributed training, fangs 1, strong nose
a: Channel Magic, Forget Spell, Renounce Religion


You were in the Dungeon.
You worshipped Sif Muna.
Sif Muna was most pleased with you.
You were not hungry.

You visited 1 branch

Inventory:

Hand Weapons
 a - a +2 morningstar of protection (weapon)
 o - a +0 mace
 s - a +2 scimitar of flaming
 y - a +2 rapier of electrocution
Armour
 b - a +0 kite shield (worn)
 d - a +0 robe
 e - a +0 troll leather armour
 r - a +0 cloak (worn)
 t - a +1 chain mail (worn)
Magical Staves
 n - an uncursed staff of energy
Jewellery
 u - a +2 ring of protection (left hand)
 v - a +3 ring of intelligence (right hand)
Wands
 m - a wand of acid (7)
Scrolls
 j - 2 scrolls of blinking
 k - 3 scrolls of remove curse
 l - 2 scrolls of amnesia
Potions
 c - 6 potions of curing
 g - 2 potions of heal wounds
 h - 4 potions of magic
 i - a potion of berserk rage
Comestibles
 f - a ration


   Skills:
 + Level 9.0 Fighting
 + Level 6.0 Short Blades
 + Level 6.0 Long Blades
 + Level 6.0 Axes
 + Level 7.6 Maces & Flails
 + Level 6.0 Polearms
 + Level 7.6 Staves
 + Level 6.0 Slings
 + Level 6.0 Bows
 + Level 6.0 Crossbows
 + Level 6.0 Throwing
 + Level 6.6 Armour
 + Level 6.0 Dodging
 + Level 6.0 Stealth
 + Level 6.6 Shields
 + Level 6.0 Unarmed Combat
 + Level 6.0 Spellcasting
 + Level 4.9 Conjurations
 + Level 4.9 Hexes
 + Level 4.9 Charms
 + Level 4.9 Summonings
 + Level 4.9 Necromancy
 + Level 4.9 Translocations
 + Level 4.9 Transmutations
 + Level 4.9 Fire Magic
 + Level 4.9 Ice Magic
 + Level 4.9 Air Magic
 + Level 4.9 Earth Magic
 + Level 4.9 Poison Magic
 + Level 6.5 Invocations
 + Level 6.6 Evocations


You had 19 spell levels left.
You didn't know any spells.
Your spell library was empty.

Dungeon Overview and Level Annotations

Branches:
Dungeon (1/1)

Altars:
Cheibriados
Dithmenos
Elyvilon
Fedhas
Gozag
Hepliaklqana
Kikubaaqudgha
Makhleb
Nemelex Xobeh
Okawaru
Qazlal
Ru
Sif Muna
Trog
Uskayaw
Vehumet
Wu Jian
Xom
Yredelemnul
Zin
The Shining One
Beogh
Jiyva
Lugonu


Innate Abilities, Weirdness & Mutations

Your experience applies equally to all skills.
You have very sharp teeth.
Your uncanny sense of smell can sniff out nearby items.


Message History

Your Crossbows skill increases to level 6!
Your Throwing skill increases to level 6!
Your Dodging skill increases to level 6!
Your Stealth skill increases to level 6!
Your Unarmed Combat skill increases to level 6!
Your Spellcasting skill increases to level 6!
The fire crab bites you.
You are engulfed in flames!
The fire crab claws you but does no damage.
You sock the fire crab!
Your weapon exudes an aura of protection.
The fire crab is almost dead.
The fire crab barely misses you. You block the fire crab's attack.
The fire crab bites you.
* * * LOW HITPOINT WARNING * * *
You are engulfed in flames!
* * * LOW HITPOINT WARNING * * *
The fire crab claws you.
* * * LOW HITPOINT WARNING * * *
You are engulfed in flames!
You die...

▓.▓
▓.▓
▓)▓
▓.▓
▓[▓
▓.▓
▓.▓
∆
▓)▓
∆
▓@▓
∆
▓t▓
∆
▓J▓
▓)▓
∆
▓.▓
▓.▓
∆
▓.▓
∆
▓)▓
∆
▓.▓


You could see a fire crab shaped shifter (corroded) and a jelly.

Vanquished Creatures
  A troll (D)
  A tarantella (shapeshifter) (D)
  A yak (D)
  A centaur (D)
  2 bullfrogs (D)
  An orc priest (D)
  A hound (D)
  2 orc wizards (D)
  2 worker ants (D)
  A gnoll (D)
  An adder (D)
  An adder skeleton (D)
  A dart slug (D)
  A leopard gecko (D)
  A bat (D)
  A hobgoblin (D)
  A rat (D)
20 creatures vanquished.

Notes
Turn   | Place    | Note
-------+----------+-------------------------------------------
     0 | D        | MordorOrchid the Gnoll Wanderer began the quest for the
                  | Orb.
     0 | D        | MordorOrchid set off with the following items: a +0 mace, a
                  | +0 kite shield, 2 potions of curing, a +0 robe, a potion of
                  | heal wounds, a ration, a potion of haste, 2 potions of
                  | magic, a potion of berserk rage, a scroll of blinking
     0 | D        | Reached XP level 1. HP: 23/23 MP: 2/2
    10 | D        | Reached skill level 1 in Invocations
    11 | D        | Reached skill level 1 in Short Blades
    11 | D        | Reached skill level 1 in Long Blades
    11 | D        | Reached skill level 1 in Axes
    11 | D        | Reached skill level 1 in Polearms
    11 | D        | Reached skill level 1 in Slings
    11 | D        | Reached skill level 1 in Bows
    11 | D        | Reached skill level 1 in Crossbows
    11 | D        | Reached skill level 1 in Throwing
    11 | D        | Reached skill level 1 in Dodging
    11 | D        | Reached skill level 1 in Stealth
    11 | D        | Reached skill level 1 in Unarmed Combat
    11 | D        | Reached skill level 1 in Spellcasting
    11 | D        | Reached XP level 2. HP: 22/29 MP: 4/4
    92 | D        | Reached skill level 1 in Conjurations
    92 | D        | Reached skill level 1 in Hexes
    92 | D        | Reached skill level 1 in Charms
    92 | D        | Reached skill level 1 in Summonings
    92 | D        | Reached skill level 1 in Necromancy
    92 | D        | Reached skill level 1 in Translocations
    92 | D        | Reached skill level 1 in Transmutations
    92 | D        | Reached skill level 1 in Fire Magic
    92 | D        | Reached skill level 1 in Ice Magic
    92 | D        | Reached skill level 1 in Air Magic
    92 | D        | Reached skill level 1 in Earth Magic
    92 | D        | Reached skill level 1 in Poison Magic
    95 | D        | Reached XP level 3. HP: 31/35 MP: 5/5
   105 | D        | Reached skill level 5 in Maces & Flails
   105 | D        | Reached skill level 5 in Staves
   119 | D        | Reached skill level 7 in Fighting
   119 | D        | Reached XP level 4. HP: 23/43 MP: 7/7
   131 | D        | Found a roughly hewn altar of Beogh.
   131 | D        | Found a snail-covered altar of Cheibriados.
   131 | D        | Found a shadowy altar of Dithmenos.
   131 | D        | Found a white marble altar of Elyvilon.
   131 | D        | Found a blossoming altar of Fedhas.
   131 | D        | Found an opulent altar of Gozag.
   132 | D        | Found a hazy altar of Hepliaklqana.
   133 | D        | Found a viscous altar of Jiyva.
   134 | D        | Found an ancient bone altar of Kikubaaqudgha.
   135 | D        | Found a corrupted altar of Lugonu.
   136 | D        | Found a burning altar of Makhleb.
   137 | D        | Found a sparkling altar of Nemelex Xobeh.
   138 | D        | Found an iron altar of Okawaru.
   139 | D        | Found a stormy altar of Qazlal.
   140 | D        | Found a sacrificial altar of Ru.
   141 | D        | Found a shimmering blue altar of Sif Muna.
   142 | D        | Found a bloodstained altar of Trog.
   143 | D        | Found a hide-covered altar of Uskayaw.
   144 | D        | Found a radiant altar of Vehumet.
   145 | D        | Found an ornate altar of the Wu Jian Council.
   146 | D        | Found a shimmering altar of Xom.
   147 | D        | Found a basalt altar of Yredelemnul.
   148 | D        | Found a glowing silver altar of Zin.
   149 | D        | Became a worshipper of Sif Muna the Loreminder
   150 | D        | Found a glowing golden altar of the Shining One.
   339 | D        | Noticed a bullfrog
   339 | D        | Noticed a bullfrog
   339 | D        | Noticed a centaur
   339 | D        | Noticed a troll
   339 | D        | Noticed a yak
   344 | D        | Killed a bullfrog
   344 | D        | Reached XP level 5. HP: 46/48 MP: 7/9
   348 | D        | Reached * piety under Sif Muna
   351 | D        | Killed a centaur
   351 | D        | Reached skill level 5 in Armour
   351 | D        | Reached skill level 5 in Shields
   351 | D        | Reached skill level 5 in Evocations
   351 | D        | Reached XP level 6. HP: 41/56 MP: 7/12
   366 | D        | Killed a troll
   366 | D        | Reached skill level 8 in Fighting
   366 | D        | Reached skill level 5 in Short Blades
   366 | D        | Reached skill level 5 in Long Blades
   366 | D        | Reached skill level 5 in Axes
   366 | D        | Reached skill level 5 in Polearms
   366 | D        | Reached skill level 5 in Slings
   366 | D        | Reached skill level 5 in Bows
   366 | D        | Reached skill level 5 in Crossbows
   366 | D        | Reached skill level 5 in Throwing
   366 | D        | Reached skill level 5 in Dodging
   366 | D        | Reached skill level 5 in Stealth
   366 | D        | Reached skill level 5 in Unarmed Combat
   366 | D        | Reached skill level 5 in Spellcasting
   366 | D        | Reached skill level 5 in Invocations
   366 | D        | Reached XP level 7. HP: 36/63 MP: 9/14
   381 | D        | Killed a yak
   381 | D        | Reached ** piety under Sif Muna
   578 | D        | Noticed a spriggan
   580 | D        | Noticed a komodo dragon
   580 | D        | an eye of draining changed into a komodo dragon
   592 | D        | Noticed a fire crab
   592 | D        | a spriggan changed into a fire crab
   593 | D        | Noticed a tarantella
   593 | D        | a komodo dragon changed into a tarantella
   594 | D        | Killed a tarantella
   594 | D        | Reached skill level 9 in Fighting
   594 | D        | Reached XP level 8. HP: 39/71 MP: 12/16
   595 | D        | Reached *** piety under Sif Muna
   596 | D        | Slain by a fire crab (shapeshifter)

Illustrated notes

Levels and vault maps discovered:
D:        linesprint [early_d, line_temple, items_1, d_10, items_2, lair_1,
          lair_end, items_3, orc_1, orc_end, items_4, d_15, swamp_1, shoals_1,
          snake_1, spider_1, d_20, vaults_1, items_5, swamp_end, shoals_end,
          snake_end, spider_end, vaults_end, d_27, items_6, zot_1, zot_end,
          crypt_end, forest_end, elf_end, slime_end, tomb_end, abyss_end,
          pan_hell_end]

Skill      XL: |  1  2  3  4  5  6  7  8 |
---------------+-------------------------+-----
Invocations    | 1 2 3 4 5 6 |  6.5
Short Blades   | 1 2 3 4 5 6 |  6.0
Long Blades    | 1 2 3 4 5 6 |  6.0
Axes           | 1 2 3 4 5 6 |  6.0
Polearms       | 1 2 3 4 5 6 |  6.0
Slings         | 1 2 3 4 5 6 |  6.0
Bows           | 1 2 3 4 5 6 |  6.0
Crossbows      | 1 2 3 4 5 6 |  6.0
Throwing       | 1 2 3 4 5 6 |  6.0
Dodging        | 1 2 3 4 5 6 |  6.0
Stealth        | 1 2 3 4 5 6 |  6.0
Unarmed Combat | 1 2 3 4 5 6 |  6.0
Spellcasting   | 1 2 3 4 5 6 |  6.0
Conjurations   | 1 2 3 4 |  4.9
Hexes          | 1 2 3 4 |  4.9
Charms         | 1 2 3 4 |  4.9
Summonings     | 1 2 3 4 |  4.9
Necromancy     | 1 2 3 4 |  4.9
Translocations | 1 2 3 4 |  4.9
Transmutations | 1 2 3 4 |  4.9
Fire Magic     | 1 2 3 4 |  4.9
Ice Magic      | 1 2 3 4 |  4.9
Air Magic      | 1 2 3 4 |  4.9
Earth Magic    | 1 2 3 4 |  4.9
Poison Magic   | 1 2 3 4 |  4.9
Armour         | 3 4 5 6 |  6.6
Shields        | 3 4 5 6 |  6.6
Evocations     | 3 4 5 6 |  6.6
Maces & Flails | 5 6 7 |  7.6
Staves         | 5 6 7 |  7.6
Fighting       | 7 8 9 |  9.0

Action                   |  1- 3 |  4- 6 |  7- 9 || total
-------------------------+-------+-------+-------++-------
Melee: Mace              |    40 |     7 |       ||    47
       Bite              |     2 |     5 |     3 ||    10
       Rapier            |       |    13 |       ||    13
       Morningstar       |       |     4 |    24 ||    28
Evoke: Wand              |       |       |     3 ||     3
  Use: Potion            |     2 |     1 |       ||     3
 Stab: Sleeping          |     1 |       |       ||     1
       Invisible         |       |     3 |       ||     3
Armor: Robe              |     3 |     1 |       ||     4
       Chain mail        |       |    14 |     8 ||    22
Dodge: Dodged            |     9 |     8 |     7 ||    24
Block: Kite shield       |    15 |     8 |    13 ||    36
